IL
RENO ACES @ GWINNETT BRAVES
07/11/2045
 
TOP OF THE 1ST
Reno Aces batting - Pitching for Gwinnett Braves : RHP Howard Wood
Pitching: RHP Howard Wood
Batting: RHB Scott Travis 0-0: Called Strike
0-1: Fly out, F8 (Flyball, 89M, EV 94.4 MPH)
Batting: LHB Steve Reinhart 0-0: Ball
1-0: Ball
2-0: Ball
3-0: SINGLE (Flyball, 6D, EV 88.1 MPH)
Batting: RHB Andy Swaim 0-0: Ball
1-0: Foul Ball, location: 2F
1-1: Foul Ball, location: 2F
1-2: Fly out, F9 (Flyball, 89D, EV 98.8 MPH)
Batting: SHB Salvador Aragon 0-0: Ball
1-0: Swinging Strike
1-1: Foul Ball, location: 2F
1-2: Ball
2-2: Strikes out swinging
Top of the 1st over - 0 runs, 1 hit, 0 errors, 1 left on base; Reno 0 - Gwinnett 0
BOTTOM OF THE 1ST
Gwinnett Braves batting - Pitching for Reno Aces : RHP Adam Bucci
Pitching: RHP Adam Bucci
Batting: RHB Xavier Castellanos 0-0: Ground out 3-1 (Groundball, 34, EV 85.6 MPH)
Batting: RHB Luis Revilla 0-0: Ball
1-0: Called Strike
1-1: Ball
2-1: Ground out 2-3 (Groundball, 2L, EV 73.1 MPH)
Batting: LHB Edwin Aguilar 0-0: Called Strike
0-1: Ground out 3-1 (Groundball, 34S, EV 77.5 MPH)
Bottom of the 1st over - 0 runs, 0 hits, 0 errors, 0 left on base; Reno 0 - Gwinnett 0
TOP OF THE 2ND
Reno Aces batting - Pitching for Gwinnett Braves : RHP Howard Wood
Batting: RHB Mario Soto 0-0: Foul Ball, location: 2F
0-1: Ground out 5-3 (Groundball, 56, EV 81.9 MPH)
Batting: RHB Alex Vasquez 0-0: Ball
1-0: Ground out 1-3 (Groundball, 15S, EV 73.1 MPH)
Batting: RHB John Gray 0-0: Called Strike
0-1: Ball
1-1: Fly out, F8 (Line Drive, 8LD, EV 101.9 MPH)
Top of the 2nd over - 0 runs, 0 hits, 0 errors, 0 left on base; Reno 0 - Gwinnett 0
BOTTOM OF THE 2ND
Gwinnett Braves batting - Pitching for Reno Aces : RHP Adam Bucci
Batting: LHB Helge Jivotovsky 0-0: Ground out 1-3 (Groundball, 13S, EV 68.8 MPH)
Batting: RHB Jesse Lester 0-0: Ball
1-0: SINGLE (Line Drive, 9S, EV 88.1 MPH)
Batting: LHB Sam Dowdy 0-0: Swinging Strike
0-1: Foul Ball, location: 2F
0-2: Strikes out looking
Batting: RHB Corey Dalton 0-0: Called Strike
0-1: SINGLE (Line Drive, 7S, EV 105.6 MPH)
Jesse Lester to second
Batting: RHB T.J. Jordan 0-0: Ball
1-0: Called Strike
1-1: Called Strike
1-2: Ball
2-2: Strikes out looking
Bottom of the 2nd over - 0 runs, 2 hits, 0 errors, 2 left on base; Reno 0 - Gwinnett 0
TOP OF THE 3RD
Reno Aces batting - Pitching for Gwinnett Braves : RHP Howard Wood
Batting: LHB Chris Escobar 0-0: Ball
1-0: Called Strike
1-1: SOLO HOME RUN (Flyball, 78XD, EV 104.4 MPH), Distance : 393 ft
Batting: RHB Tai Joo 0-0: Called Strike
0-1: Ball
1-1: Swinging Strike
1-2: Ball
2-2: Strikes out swinging
Batting: RHB Scott Travis 0-0: Called Strike
0-1: Ball
1-1: Ball
2-1: Ball
3-1: Base on Balls
Batting: LHB Steve Reinhart 0-0: SINGLE (Line Drive, 89M, EV 103.8 MPH)
Scott Travis to second
Batting: RHB Andy Swaim 0-0: Ball
1-0: Fielders Choice at 2nd, 1-6 (Groundball, 34S, EV 70.0 MPH)
Scott Travis to third
Batting: SHB Salvador Aragon 0-0: Ball
1-0: Called Strike
1-1: Reached via error on a dropped throw from 2B, E3 (Groundball, 34, EV 105.6 MPH)
Scott Travis scores
Andy Swaim to second
Batting: RHB Mario Soto 0-0: Called Strike
Andy Swaim steals 3rd base
0-1: Ball
1-1: Foul Ball, location: 2F
1-2: Fly out, F7 (Flyball, 78M, EV 84.4 MPH)
Top of the 3rd over - 2 runs, 2 hits, 1 error, 2 left on base; Reno 2 - Gwinnett 0
BOTTOM OF THE 3RD
Gwinnett Braves batting - Pitching for Reno Aces : RHP Adam Bucci
Batting: SHB Tim Rodgers 0-0: Fly out, F8 (Flyball, 8RS, EV 99.4 MPH)
Batting: RHB Xavier Castellanos 0-0: Swinging Strike
0-1: Swinging Strike
0-2: Fly out, F6 (Popup, 6, EV 78.1 MPH)
Batting: RHB Luis Revilla 0-0: Ground out 6-3 (Groundball, 6, EV 84.4 MPH)
Bottom of the 3rd over - 0 runs, 0 hits, 0 errors, 0 left on base; Reno 2 - Gwinnett 0
TOP OF THE 4TH
Reno Aces batting - Pitching for Gwinnett Braves : RHP Howard Wood
Batting: RHB Alex Vasquez 0-0: Called Strike
0-1: Ball
1-1: DOUBLE (Line Drive, 7LS, EV 96.2 MPH)
Batting: RHB John Gray 0-0: Called Strike
0-1: Ball
1-1: Ball
2-1: Foul Ball, location: 2F
2-2: Ball
3-2: Foul Ball, location: 2F
3-2: Ground out 1-3 (Groundball, 13S, EV 65.6 MPH)
Alex Vasquez to third
Batting: LHB Chris Escobar 0-0: Called Strike
0-1: Ball
1-1: Ball
2-1: Ground out 6-3 (Groundball, 6, EV 88.8 MPH)
Alex Vasquez scores
Batting: RHB Tai Joo 0-0: Called Strike
0-1: Swinging Strike
0-2: Ball
1-2: Strikes out swinging
Top of the 4th over - 1 run, 1 hit, 0 errors, 0 left on base; Reno 3 - Gwinnett 0
BOTTOM OF THE 4TH
Gwinnett Braves batting - Pitching for Reno Aces : RHP Adam Bucci
Batting: LHB Edwin Aguilar 0-0: Called Strike
0-1: Foul Ball, location: 2F
0-2: Ball
1-2: Ground out U3 (Groundball, 34, EV 81.9 MPH)
Batting: LHB Helge Jivotovsky 0-0: Called Strike
0-1: Ball
1-1: Foul Ball, location: 2F
1-2: Fly out, F8 (Flyball, 8RXD, EV 100.0 MPH)
Batting: RHB Jesse Lester 0-0: Foul Ball, location: 2F
0-1: Fly out, F7 (Flyball, 7, EV 96.2 MPH)
Bottom of the 4th over - 0 runs, 0 hits, 0 errors, 0 left on base; Reno 3 - Gwinnett 0
TOP OF THE 5TH
Reno Aces batting - Pitching for Gwinnett Braves : RHP Howard Wood
Batting: RHB Scott Travis 0-0: Ball
1-0: Ball
2-0: Called Strike
2-1: Foul Ball, location: 2F
2-2: Foul Ball, location: 2F
2-2: Ball
3-2: Foul Ball, location: 2F
3-2: Fly out, F4 (Popup, 4S, EV 66.2 MPH)
Batting: LHB Steve Reinhart 0-0: Called Strike
0-1: Foul Ball, location: 2F
0-2: SINGLE (Flyball, 4D, EV 94.4 MPH)
Batting: RHB Andy Swaim 0-0: Ball
1-0: Ball
2-0: Ball
3-0: Base on Balls
Steve Reinhart to second
Batting: SHB Salvador Aragon 0-0: Ball
1-0: SINGLE (Groundball, 5, EV 97.5 MPH) (infield hit)
Steve Reinhart to third
Andy Swaim to second
Batting: RHB Mario Soto 0-0: Ball
1-0: Called Strike
1-1: Ball
2-1: SINGLE (Line Drive, 7S, EV 95.0 MPH)
Steve Reinhart scores
Andy Swaim to third
Salvador Aragon to second
Batting: RHB Alex Vasquez 0-0: Fly out, F9 (Flyball, 9LM, EV 90.6 MPH)
Runner from 3rd tags up, SCORES, no throw by RF
Batting: RHB John Gray 0-0: Foul Ball, location: 2F
0-1: Foul Ball, location: 2F
0-2: Foul Ball, location: 2F
0-2: Reached on error, E4 (Groundball, 4, EV 88.1 MPH)
Salvador Aragon to third
Mario Soto to second
Batting: LHB Chris Escobar 0-0: Called Strike
0-1: Called Strike
0-2: Foul Ball, location: 2F
0-2: Ground out 4-3 (Groundball, 4, EV 80.6 MPH)
Top of the 5th over - 2 runs, 3 hits, 1 error, 3 left on base; Reno 5 - Gwinnett 0
BOTTOM OF THE 5TH
Gwinnett Braves batting - Pitching for Reno Aces : RHP Adam Bucci
Batting: LHB Sam Dowdy 0-0: Ball
1-0: Ball
2-0: Ball
3-0: Base on Balls
Batting: RHB Corey Dalton 0-0: Ball
Wild Pitch!
Sam Dowdy to second
1-0: Ball
2-0: Called Strike
2-1: Foul Ball, location: 2F
2-2: Ground out 6-3 (Groundball, 6, EV 93.1 MPH)
Sam Dowdy to third
Batting: RHB T.J. Jordan 0-0: Foul Ball, location: 2F
0-1: Called Strike
0-2: Ball
1-2: Fly out, F5 (Popup, 15, EV 74.4 MPH)
Batting: SHB Tim Rodgers 0-0: Ball
1-0: Foul Ball, location: 2F
1-1: Foul Ball, location: 2F
1-2: Ground out U3 (Groundball, 3, EV 87.5 MPH)
Bottom of the 5th over - 0 runs, 0 hits, 0 errors, 1 left on base; Reno 5 - Gwinnett 0
TOP OF THE 6TH
Reno Aces batting - Pitching for Gwinnett Braves : RHP Howard Wood
Pitching: RHP Chris Bedard
Batting: RHB Tai Joo 0-0: Called Strike
0-1: Ball
1-1: Called Strike
1-2: Ball
2-2: Strikes out swinging
Batting: RHB Scott Travis 0-0: Ground out 6-3 (Groundball, 6M, EV 103.1 MPH)
Batting: LHB Steve Reinhart 0-0: Ball
1-0: Called Strike
1-1: Ball
2-1: Swinging Strike
2-2: Foul Ball, location: 2F
2-2: Foul Ball, location: 2F
2-2: SINGLE (Line Drive, 78S, EV 101.2 MPH)
Batting: RHB Andy Swaim 0-0: Called Strike
0-1: Ball
1-1: Swinging Strike
1-2: Ball
2-2: Fly out, F9 (Flyball, 9S, EV 88.1 MPH)
Top of the 6th over - 0 runs, 1 hit, 0 errors, 1 left on base; Reno 5 - Gwinnett 0
BOTTOM OF THE 6TH
Gwinnett Braves batting - Pitching for Reno Aces : RHP Adam Bucci
Batting: RHB Xavier Castellanos 0-0: Foul Ball, location: 2F
0-1: Ground out 4-3 (Groundball, 4, EV 98.1 MPH)
Batting: RHB Luis Revilla 0-0: Foul Ball, location: 2F
0-1: Ball
1-1: Swinging Strike
1-2: Ball
2-2: Ball
3-2: SINGLE (Line Drive, 6D, EV 97.5 MPH)
Batting: LHB Edwin Aguilar
DELAY Rain delay of 37 minutes in the 6th inning.
0-0: Called Strike
0-1: Called Strike
0-2: Fielders Choice at 2nd, 1-4 (Groundball, 25, EV 68.8 MPH)
Pitching: RHP Alan Phillips
Batting: LHB Helge Jivotovsky 0-0: Fly out, F2 (Popup, 2LF, EV 84.4 MPH)
Bottom of the 6th over - 0 runs, 1 hit, 0 errors, 1 left on base; Reno 5 - Gwinnett 0
TOP OF THE 7TH
Reno Aces batting - Pitching for Gwinnett Braves : RHP Chris Bedard
Batting: SHB Salvador Aragon 0-0: Foul Ball, location: 2F
0-1: Ground out 6-3 (Groundball, P, EV 79.4 MPH)
Batting: RHB Mario Soto 0-0: Ball
1-0: Ball
2-0: Ball
3-0: Called Strike
3-1: Called Strike
3-2: SINGLE (Groundball, 56D, EV 104.4 MPH)
Batting: RHB Alex Vasquez 0-0: Foul Ball, location: 2F
0-1: Called Strike
0-2: Fielders Choice at 2nd, 3-6 (Groundball, 34S, EV 84.4 MPH)
Batting: RHB John Gray 0-0: Called Strike
0-1: Called Strike
0-2: Ball
1-2: Ball
2-2: Foul Ball, location: 2F
2-2: Ball
3-2: DOUBLE (Line Drive, 9LM, EV 113.1 MPH)
Alex Vasquez to third
Alex Vasquez scores
Batting: LHB Chris Escobar 0-0: Swinging Strike
0-1: Ball
1-1: SINGLE (Groundball, 34D, EV 102.5 MPH)
John Gray to third
Runner from 3rd tries for Home, SAFE, throw by RF to home
Batting: RHB Tai Joo 0-0: Swinging Strike
0-1: Ball
1-1: Called Strike
1-2: Ball
2-2: Strikes out swinging
Top of the 7th over - 2 runs, 3 hits, 0 errors, 1 left on base; Reno 7 - Gwinnett 0
BOTTOM OF THE 7TH
Gwinnett Braves batting - Pitching for Reno Aces : RHP Alan Phillips
Batting: RHB Jesse Lester 0-0: Foul Ball, location: 2F
0-1: Foul Ball, location: 2F
0-2: Hit by Pitch
Batting: LHB Sam Dowdy 0-0: Called Strike
0-1: Ball
1-1: Ball
2-1: Fly out, F7 (Flyball, 78M, EV 93.1 MPH)
Batting: RHB Corey Dalton 0-0: Called Strike
0-1: Grounds into double play, 5-4-3 (Groundball, 56, EV 107.5 MPH)
Bottom of the 7th over - 0 runs, 0 hits, 0 errors, 0 left on base; Reno 7 - Gwinnett 0
TOP OF THE 8TH
Reno Aces batting - Pitching for Gwinnett Braves : RHP Chris Bedard
Pitching: RHP Alan Shanahan
Batting: RHB Scott Travis 0-0: Ball
1-0: Fly out, F9 (Line Drive, 9, EV 103.8 MPH)
Batting: LHB Steve Reinhart 0-0: Swinging Strike
0-1: SINGLE (Line Drive, 78M, EV 106.9 MPH)
Batting: RHB Andy Swaim 0-0: Ball
1-0: Ball
2-0: Called Strike
2-1: Fly out, F8 (Flyball, 8LS, EV 86.2 MPH)
Batting: SHB Salvador Aragon 0-0: Ball
1-0: Called Strike
1-1: Foul Ball, location: 2F
1-2: Ground out 1-3 (Groundball, P, EV 68.8 MPH)
Top of the 8th over - 0 runs, 1 hit, 0 errors, 1 left on base; Reno 7 - Gwinnett 0
BOTTOM OF THE 8TH
Gwinnett Braves batting - Pitching for Reno Aces : RHP Alan Phillips
Batting: RHB T.J. Jordan 0-0: Called Strike
0-1: Called Strike
0-2: Ground out 1-3 (Groundball, P, EV 71.2 MPH)
Batting: SHB Tim Rodgers 0-0: Called Strike
0-1: Ball
1-1: Called Strike
1-2: Ball
2-2: Foul Ball, location: 2F
2-2: Ground out 5-3 (Groundball, 56S, EV 65.0 MPH)
Batting: RHB Xavier Castellanos 0-0: Ball
1-0: Called Strike
1-1: Ball
2-1: Ball
3-1: Base on Balls
Batting: RHB Luis Revilla 0-0: Ball
1-0: Ball
2-0: Called Strike
2-1: Ball
3-1: SINGLE (Line Drive, 3D, EV 109.4 MPH)
Xavier Castellanos to second
Pinch Hitting: RHB Neal Tinoco 0-0: Swinging Strike
0-1: Reached on error, E4 (Groundball, 4, EV 99.4 MPH)
Xavier Castellanos to third
Luis Revilla to second
Batting: LHB Helge Jivotovsky 0-0: Called Strike
0-1: Ground out 4-3 (Groundball, 4, EV 78.1 MPH)
Bottom of the 8th over - 0 runs, 1 hit, 1 error, 3 left on base; Reno 7 - Gwinnett 0
TOP OF THE 9TH
Reno Aces batting - Pitching for Gwinnett Braves : RHP Alan Shanahan
Now in RF: Neal Tinoco
Batting: RHB Mario Soto 0-0: Foul Ball, location: 2F
0-1: Called Strike
0-2: Foul Ball, location: 2F
0-2: Strikes out swinging
Batting: RHB Alex Vasquez 0-0: Called Strike
0-1: Foul Ball, location: 2F
0-2: Fly out, F3 (Line Drive, 3, EV 67.5 MPH)
Pinch Hitting: RHB Paul Van Gilder 0-0: Swinging Strike
0-1: Ball
1-1: Ball
2-1: Swinging Strike
2-2: Strikes out swinging
Top of the 9th over - 0 runs, 0 hits, 0 errors, 0 left on base; Reno 7 - Gwinnett 0
BOTTOM OF THE 9TH
Gwinnett Braves batting - Pitching for Reno Aces : RHP Alan Phillips
Now in CF: Paul Van Gilder
Batting: RHB Jesse Lester 0-0: Ball
1-0: Fly out, F6 (Flyball, 6D, EV 93.1 MPH)
Batting: LHB Sam Dowdy 0-0: Fly out, F8 (Line Drive, 8LD, EV 98.1 MPH)
Batting: RHB Corey Dalton 0-0: Ball
1-0: SINGLE (Groundball, 56D, EV 98.1 MPH)
Batting: RHB T.J. Jordan 0-0: Ball
1-0: Called Strike
1-1: Foul Ball, location: 2F
1-2: Foul Ball, location: 2F
1-2: Foul Ball, location: 2F
1-2: Strikes out looking
Bottom of the 9th over - 0 runs, 1 hit, 0 errors, 1 left on base; Reno 7 - Gwinnett 0
Wednesday, June 22nd , 2022 - OOTP Baseball 23.4 Build 64